 Dungeon Crawl Stone Soup version 0.28-a0-199-g298df9dbad (webtiles) character file.

Game seed: 3968812579860141979

365 lunkers the Magician (level 7, -7/50 HPs)
             Began as a Djinni Fire Elementalist on Aug 19, 2021.
             Mangled by Pikel (14 damage)
             ... on level 4 of the Dungeon.
             The game lasted 00:06:53 (4588 turns).

lunkers the Magician (Djinni Fire Elementalist)     Turns: 4588, Time: 00:06:54

Health: -7/50      AC:  3    Str:  7    XL:     7   Next: 0%
Gold:   77         EV: 12    Int: 18    God:
                   SH:  0    Dex: 14

rFire   + + .      SeeInvis .   (no weapon)
rCold   x . .      Faith    .   (no shield)
rNeg    . . .      Spirit   .   a - +0 robe
rPois   ∞          Reflect  .   (no helmet)
rElec   .          Harm     .   (no cloak)
rCorr   .          Rampage  .   c - +0 pair of gloves
Will    .....                   (boots unavailable)
Stlth   ++........              i - amulet of the acrobat
HPRegen 0.16/turn               (no ring)
MPRegen 0.00/turn               (no ring)

@: flying
A: sickness immunity, fire resistance 2, cold vulnerability 1, float, innate
caster, hp casting, extra vitality 1
a: no special abilities


You were on level 4 of the Dungeon.
You visited 1 branch of the dungeon, and saw 4 of its levels.

You collected 77 gold pieces.

Inventory:

Armour
 a - a +0 robe (worn)
 c - a +0 pair of gloves (worn)
Jewellery
 i - an amulet of the acrobat (around neck)
Scrolls
 b - a scroll of teleportation {unknown}
 d - 5 scrolls of identify {unknown}
 e - a scroll of blinking {unknown}
 f - a scroll of enchant weapon {unknown}
 h - 4 scrolls of amnesia {unknown}
 j - 4 scrolls of magic mapping {unknown}
 m - a scroll of fog {unknown}
 n - a scroll of enchant armour {unknown}
 o - a scroll of noise {unknown}
Potions
 g - 3 potions of curing {unknown}
 k - a potion of attraction {unknown}
 l - a potion of heal wounds {unknown}


   Skills:
 + Level 3.5 Fighting
 - Level 2.1 Dodging
 - Level 1.5 Stealth
 * Level 4.8 Spellcasting


You couldn't memorise any spells.
You knew the following spells:

 Your Spells              Type           Power      Damage    Failure   Level
a - Foxfire               Conj/Fire      84%        2x1d8     1%          1
b - Conjure Flame         Conj/Fire      21%        6-21      5%          3
c - Inner Flame           Hex/Fire       21%        N/A       5%          3
d - Sticky Flame          Conj/Fire      21%        2d4       19%         4
e - Fireball              Conj/Fire      10%        3d6       45%         5
f - Animate Skeleton      Necr           42%        N/A       1%          1
g - Blink                 Tloc           N/A        N/A       2%          2
h - Portal Projectile     Hex/Tloc       42%        N/A       5%          3
Your spell library was empty.

Dungeon Overview and Level Annotations

Branches:
Dungeon (4/15)
 Temple: D:4-7

Altars:
Dithmenos
Ru
Sif Muna
Wu Jian

Annotations:
D:4 Pikel


Innate Abilities, Weirdness & Mutations

You are immune to sickness and miasma.
You are immune to poison.
Your flesh is very heat resistant. (rF++)
You are vulnerable to cold. (rC-)
You float through the air rather than walking.
You learn spells naturally, not from books.
Your magical power is your life essence.
You have superior vitality. (+4 HP)


Message History

You conjure some foxfire!
The foxfire hits the lemure but does no damage.
The foxfire hits the lemure.
The lemure is lightly wounded.
Pikel drinks a potion.
Pikel goes berserk!
Casting: Foxfire (safe; 1% risk of failure)
Confirm with . or Enter, or press ? or * to list all spells.
You conjure some foxfire!
The foxfire hits the lemure.
The lemure is moderately wounded.
The foxfire hits the lemure.
The lemure is heavily wounded.
The foxfire hits the lemure!
The lemure is severely wounded.
The lemure barely misses you.
Casting: Foxfire (safe; 1% risk of failure)
Confirm with . or Enter, or press ? or * to list all spells.
You conjure some foxfire!
The foxfire hits the lemure.
The lemure is almost dead.
Casting: Foxfire (safe; 1% risk of failure)
Confirm with . or Enter, or press ? or * to list all spells.
You conjure some foxfire!
The foxfire hits Pikel but does no damage. x2
Pikel hits you with a +0 whip of electrocution!!
* * * LOW HITPOINT WARNING * * *
Casting: Foxfire (safe; 1% risk of failure)
Confirm with . or Enter, or press ? or * to list all spells.
You conjure some foxfire!
* * * LOW HITPOINT WARNING * * *
The foxfire hits Pikel but does no damage.
The foxfire hits the lemure.
The lemure is almost dead.
The foxfire hits Pikel.
Pikel is lightly wounded.
Pikel hits you with a +0 whip of electrocution!
* * * LOW HITPOINT WARNING * * *
The lemure barely misses you.
Pikel hits you with a +0 whip of electrocution!
* * * LOW HITPOINT WARNING * * *
You are electrocuted!
You die...

#.........# #.........#
#.........# #.........#
+...§.....#
##..##...#########
#####..##'####......##
...............v§....#
..........))...v@55..#
..........)....§.K...#
####.####.#..#.§##55#######
####.####+########........#
...........# #....#....#
...........# #....'....#
...........# #....#....#
...........# #....#....#
...........# #....#....#


You could see Pikel (berserk) and 4 lemures.

Vanquished Creatures
  Sigmund (D:4)
  Jessica (D:2)
  Terence (D:3)
  An orc wizard (D:4)
  A howler monkey skeleton (D:4)
  3 adders
  3 worms (D:2)
  3 dart slugs
  6 orcs
  9 endoplasms
  4 giant cockroaches
  7 goblins
  2 hobgoblins
  3 kobolds
  4 quokkas
  6 ball pythons
  5 bats
  3 frilled lizards
  6 rats
69 creatures vanquished.

Vanquished Creatures (collateral kills)
  A foxfire (D:3)
1 creature vanquished.

Vanquished Creatures (others)
  415 foxfires
  5 plants (D:3)
420 creatures vanquished.

Grand Total: 490 creatures vanquished

Notes
Turn   | Place    | Note
-------+----------+-------------------------------------------
     0 | D:1      | lunkers the Djinni Fire Elementalist began the quest for
                  | the Orb.
     0 | D:1      | Reached XP level 1. HP: 15/15 MP: 0/0
   423 | D:1      | Reached XP level 2. HP: 17/22 MP: 0/0
   711 | D:1      | Reached skill level 1 in Fighting
   978 | D:1      | Reached XP level 3. HP: 24/27 MP: 0/0
   978 | D:1      | Learned a level 1 spell: Animate Skeleton
  1059 | D:1      | Reached skill level 3 in Spellcasting
  2409 | D:2      | Reached XP level 4. HP: 29/32 MP: 0/0
  2435 | D:2      | Found an ornate altar of the Wu Jian Council.
  2990 | D:2      | Noticed Jessica
  3003 | D:2      | Killed Jessica
  3004 | D:2      | Reached XP level 5. HP: 37/38 MP: 0/0
  3004 | D:2      | Learned a level 2 spell: Blink
  3467 | D:3      | Noticed Terence
  3473 | D:3      | Killed Terence
  3538 | D:3      | Found a faded altar of an unknown god.
  3543 | D:3      | Reached skill level 4 in Spellcasting
  3554 | D:3      | Found a sacrificial altar of Ru.
  3556 | D:3      | Found a faded altar of an unknown god.
  3557 | D:3      | Found a shadowy altar of Dithmenos.
  3610 | D:3      | Found a faded altar of an unknown god.
  4067 | D:4      | Noticed Sigmund
  4073 | D:4      | Killed Sigmund
  4074 | D:4      | Reached XP level 6. HP: 38/46 MP: 0/0
  4476 | D:4      | Reached XP level 7. HP: 39/50 MP: 0/0
  4476 | D:4      | Learned a level 3 spell: Portal Projectile
  4572 | D:4      | Noticed Pikel
  4588 | D:4      | Mangled by Pikel

Illustrated notes

Levels and vault maps discovered:
D:1:      amcnicky_arrival_underground_garden, layout_basic
D:2:      layout_rooms, basic_altar, uniq_jessica
D:3:      layout_rooms, chequers_temple_overflow_minitemple,
          ebering_ecumenical_altar_mist, serial_bayou_lagoon_b, uniq_terence
D:4:      layout_gridville, uniq_sigmund, uniq_pikel, uniq_duvessa, uniq_grinder

Skill      XL: |  1  2  3  4  5 |
---------------+----------------+-----
Fighting       | 1 2 3 |  3.5
Spellcasting   | 3 4 |  4.8
Dodging        | |  2.1
Stealth        | |  1.5

Action                   |  1- 3 |  4- 6 |  7- 9 || total
-------------------------+-------+-------+-------++-------
Melee: Unarmed           |       |    12 |       ||    12
 Cast: Foxfire           |   115 |   112 |    13 ||   240
Armor: Robe              |     3 |     4 |       ||     7
Dodge: Dodged            |    10 |    13 |     2 ||    25

Table legend: (Time is in decaauts)
 A = Elapsed time spent in this place.
 B = Non-inter-level travel time spent in this place.
 C = Inter-level travel time spent in this place.
 D = Time resting spent in this place.
 E = Time spent auto-exploring this place.
 F = Levels seen in this place.
 G = Mean time per level.
                   A        B        C        D        E       F      G
               +--------+--------+--------+--------+--------+-----+--------+
         Total |   4587 |   4485 |    102 |      0 |   4004 |   4 | 1146.8 |
       Dungeon |   4587 |   4485 |    102 |      0 |   4004 |   4 | 1146.8 |
               +--------+--------+--------+--------+--------+-----+--------+

Top non-repeatable levels by time:
     D:1: 2003 daAuts
     D:2: 1064 daAuts
     D:3: 899 daAuts
     D:4: 619 daAuts
